 Dungeon Crawl Stone Soup version 0.23.0-42-geed6394 (webtiles) character file.

Game seed: 0

69 Fang the Skirmisher (level 4, 0/43 HPs)
             Began as a Gargoyle Berserker on Feb 28, 2019.
             Was a Believer of Trog.
             Slain by a worm (6 damage)
             ... on level 2 of the Dungeon.
             The game lasted 00:01:49 (1287 turns).

Fang the Skirmisher (Gargoyle Berserker)            Turns: 1287, Time: 00:01:49

Health: 0/43       AC:  5    Str: 26    XL:     4   Next: 20%
Magic:  4/4        EV: 12    Int:  8    God:    Trog [**....]
Gold:   60         SH:  0    Dex:  9    Spells: 3/3 levels left

rFire    . . .     SeeInvis .   a - +0 hand axe
rCold    + . .     Gourm    .   (no shield)
rNeg     + . .     Faith    .   b - +0 animal skin
rPois    ∞         Spirit   .   (no helmet)
rElec    +         Reflect  .   (no cloak)
rCorr    .         Harm     .   (no gloves)
MR       .....                  (no boots)
Stlth    ..........             (no amulet)
HPRegen  0.14/turn              e - ring of protection from cold
MPRegen  0.09/turn              (no ring)

@: berserking, very quick
A: negative energy resistance 1, electricity resistance, unbreathing,
petrification resistance, rot immunity, AC +3
a: Berserk, Trog's Hand, Renounce Religion


You were on level 2 of the Dungeon.
You worshipped Trog.
Trog was pleased with you.
You were hungry.

You visited 1 branch of the dungeon, and saw 2 of its levels.

You collected 60 gold pieces.

Inventory:

Hand Weapons
 a - a +0 hand axe (weapon)
Armour
 b - a +0 animal skin (worn)
Jewellery
 e - a ring of protection from cold (left hand)
Scrolls
 g - a scroll of noise {unknown}
 h - a scroll of blinking {unknown}
Potions
 f - 2 potions of flight {unknown}
Comestibles
 c - 7 rations
 d - 12 chunks of flesh


   Skills:
 + Level 3.9 Fighting
 + Level 3.2 Axes
 + Level 3.0 Armour
 + Level 2.2 Dodging


You had 3 spell levels left.
You didn't know any spells.
Your spell library was empty.

Dungeon Overview and Level Annotations

Branches:
Dungeon (2/15)

Altars:
Makhleb
Qazlal
Vehumet
Zin


Innate Abilities, Weirdness & Mutations

You are resistant to torment.
Your stone body is resilient. (AC +3)
You are immune to poison.
You resist negative energy. (rN+)
You are resistant to electric shocks. (rElec)
You can survive without breathing.
You are immune to petrification.
You are immune to rotting.


Message History

You are too injured to fight recklessly!
You are too injured to fight recklessly!
You are too injured to fight recklessly!
You are too injured to fight recklessly!
You are too injured to fight recklessly!
You are too injured to fight recklessly!
You are too injured to fight recklessly!
You are too injured to fight recklessly!
You are too injured to fight recklessly!
You are too injured to fight recklessly!
You are too injured to fight recklessly!
A red film seems to cover your vision as you go berserk!
You feel yourself moving faster!
You feel mighty!
You are feeling hungry.
The worm bites you!
* * * LOW HITPOINT WARNING * * *
You slash the worm!
The worm is almost dead.
The worm bites you.
You die...

#..........###
###......(.....## .#.
................##..
.................##
...#..............##
...................##
.....##.##.####.....#
...###<.##.###.%w...#...
...###.###......@.......
........................
........÷..#............
........................
...........$............
........................
..>.........#.$.........
≈...≈.≈≈.≈..##.....#....
≈≈.≈..≈.≈...##########


You could see a worm.

Vanquished Creatures
  An adder (D:2)
  2 worms (D:2)
  3 dart slugs
  A leopard gecko (D:1)
  3 giant cockroaches
  6 goblins
  9 hobgoblins
  3 jackals (D:1)
  4 kobolds (D:2)
  2 bats (D:1)
  6 frilled lizards
  4 rats (D:2)
44 creatures vanquished.

Notes
Turn   | Place    | Note
-------+----------+-------------------------------------------
     0 | D:1      | Fang the Gargoyle Berserker began the quest for the Orb.
     0 | D:1      | Reached XP level 1. HP: 14/14 MP: 1/1
    41 | D:1      | Reached XP level 2. HP: 13/19 MP: 2/2
   428 | D:1      | Reached XP level 3. HP: 20/23 MP: 3/3
  1099 | D:2      | Reached ** piety under Trog
  1139 | D:2      | Found a radiant altar of Vehumet.
  1142 | D:2      | Found a glowing silver altar of Zin.
  1142 | D:2      | Found a burning altar of Makhleb.
  1148 | D:2      | Found a stormy altar of Qazlal.
  1267 | D:2      | Reached XP level 4. HP: 20/29 MP: 4/4
  1287 | D:2      | Slain by a worm

Skill      XL: |  1  2  3 |
---------------+----------+-----
Axes           | 3 |  3.2
Dodging        | 2 |  2.2
Armour         | 3 |  3.0
Fighting       | |  3.9

Action                   |  1- 3 |  4- 6 || total
-------------------------+-------+-------++-------
Melee: Hand axe          |   103 |     9 ||   112
Invok: Berserk           |     1 |     1 ||     2
  Eat: Chunk             |     2 |       ||     2
Armor: Animal skin       |    40 |     4 ||    44
Dodge: Dodged            |    78 |     7 ||    85
